 Dungeon Crawl Stone Soup version 0.31-a0-865-g3d5d91748a (webtiles) character file.

Game seed: 7781630945138004653

443 ytrimaz the Insei (level 6, -12/64 HPs)
             Began as a Demonspawn Shapeshifter on Oct 10, 2023.
             Engulfed by a cloud of flame (15 damage)
             ... on level 4 of the Dungeon.
             The game lasted 00:05:09 (2518 turns).

ytrimaz the Insei (Demonspawn Shapeshifter)         Turns: 2518, Time: 00:05:10

Health: -12/64     AC: 23    Str: 14    XL:     6   Next: 71%
Magic:  6/6        EV:  2    Int: 11    God:
Gold:   115        SH:  0    Dex: 15    Spells: 5/5 levels left

rFire   . .          .
                       - Unarmed
rCold   . . .        (no shield)
rNeg    . . .        h - melded +1 ring mail
rPois   +            (helmet currently unavailable)
rElec   .            (cloak currently unavailable)
rCorr   .            (gloves currently unavailable)
SInv    .            (boots currently unavailable)
Will    +....        k - amulet of regeneration
Stlth   +            m - ring of willpower
HPRegen 1.10/turn    (no ring)
MPRegen 0.10/turn

%: no passive effects
@: mighty, brilliant, tree-form, hasted, very quick
A: stationary, stasis, torment immunity, boosted hp, (claws 1), (spiny 2)
a: no special abilities


You were on level 4 of the Dungeon.
You were a tree.
You visited 1 branch of the dungeon, and saw 4 of its levels.

You collected 115 gold pieces.


Innate Abilities, Weirdness & Mutations

You are a tree.
Your roots penetrate the ground, keeping you stationary.
You cannot be teleported.
You are immune to unholy pain and torment.
Your maximum health is greatly increased.
Your equipment is partially melded.
((You have sharp fingernails.))
((You are mostly covered in sharp spines.))


   Skills:
 - Level 1.0 Fighting
 - Level 1.7 Dodging
 + Level 5.2 Unarmed Combat
 + Level 4.9 Shapeshifting


You had 5 spell levels left.
You didn't know any spells.
Your spell library contained the following spells:

 Spells                   Type           Power      Damage    Failure   Level
 Ignite Poison            Fire/Tmut/Pois 0%         N/A       71%         3
 Tukima's Dance           Hex            0%         N/A       71%         3
 Cause Fear               Hex            0%         N/A       98%         4
 Dimensional Bullseye     Hex/Tloc       0%         N/A       98%         4
 Iskenderun's Mystic Bla  Conj/Tloc      0%         2d3       98%         4
 Sticky Flame             Conj/Fire      0%         2d3       98%         4
 Fireball                 Conj/Fire      0%         3d3       100%        5
 Ignition                 Fire           0%         3d3       100%        8
 Dragon's Call            Summ           0%         N/A       100%        9

Inventory:

Armour
 h - a +1 ring mail (melded)
   (You found it on level 1 of the Dungeon)
Jewellery
 k - an amulet of regeneration (around neck)
   (You found it on level 2 of the Dungeon)
 m - a ring of willpower (left branch)
   (You found it on level 2 of the Dungeon)
Talismans
 c - a beast talisman
 d - a flux talisman
 r - a maw talisman
   (You found it on level 3 of the Dungeon)
Wands
 o - a wand of paralysis (8) (quivered)
   (You found it on level 3 of the Dungeon)
Scrolls
 a - a scroll of fear
 e - 4 scrolls of identify
 q - a scroll of fog {unknown}
Potions
 b - a potion of lignification
 j - a potion of might

Dungeon Overview and Level Annotations

Branches:
Dungeon (4/15) Zot: 21501
 Temple: D:4-7

Altars:
Ru

~~~....#...#....+
~......#...'....#
.......#...#....#
[......#'###....#
..#.............#
..#.............##
..#..............#
.)#...........ยง8.#
..#..........8ยงยฐโ™ฃ#
..#.........P.8.##
..#.........88..#
..#....###+##....
#.... #..## #$. #..


There were no monsters in sight!


Message History

The orc priest hits you but does no damage. ๐Ÿ˜ฑ HP[-1]
You take 1 damage, and now have 4/64 hp.
As you read the scroll labelled BAFAIRCHA MUVOJ, it crumbles to dust.
It is a scroll of identify.
a - 2 scrolls of fear Something hits you.
* * * LOW HITPOINT WARNING * * *
The orc priest hits you but does no damage. ๐Ÿ˜ฑ HP[-2]
You take 2 damage, and now have 2/64 hp.
As you read the scroll of fear, it crumbles to dust.
You assume a fearsome visage.
The hound zombie is unaffected.
The orc looks frightened! x2; The orc priest looks frightened!
You feel sick.
Unknown command.
You closely miss the orc priest.
You feel sick.
The orc looks desperately for an escape route.
You cannot move.
Unknown command.
You cannot move.
You cannot move.
You cannot move.
You swing at nothing.
You swing at nothing.
You feel sick.
You smack the hound zombie!
The hound zombie bites you but does no damage. ๐Ÿ˜ฑ HP[+1]
You pummel the hound zombie!!
You destroy the hound zombie!
You feel sick.
You are no longer poisoned.
You swing at nothing.
As you read the scroll labelled LIADOMILITT, it crumbles to dust.
The creatures around you are filled with an inner flame!
It was a scroll of immolation. ๐Ÿ˜ฑ HP[+1]
Aiming: Mindburst
Press: ? - help, Q - select action, (/) - cycle Shift-Dir - straight line, f - orc priest
Aim: an orc priest, wielding a +0 short sword and wearing a +0 scale mail (inner flame, fleeing, chance to affect: 64%)
Your attack snaps the orc priest out of its fear.
The orc priest struggles to resist.
The now-empty wand crumbles to dust. ๐Ÿ˜ฑ HP[+1]
As you read the scroll labelled XIGIGA NUBAIGH, it crumbles to dust.
It is a scroll of enchant armour.
Your +0 ring mail glows green for a moment.
As you read the scroll labelled QUANYL FUENAO, it crumbles to dust.
You cannot blink because you are held in place by your roots.
It was a scroll of blinking. ๐Ÿ˜ฑ HP[+1] Unknown command.
Okay, then. ๐Ÿ˜ฑ HP[+1] Unknown command. ๐Ÿ˜ฑ HP[+1] Unknown command.
Okay, then.
Aiming: Paralyse
Press: ? - help, Q - select action Shift-Dir - straight line, f/p - orc priest
Aim: an orc priest, wielding a +0 short sword and wearing a +0 scale mail (inner flame, chance to affect: 49%)
The orc priest resists with some effort.
The orc priest miscasts a cantrip.
Aiming: Paralyse
Press: ? - help, Q - select action Shift-Dir - straight line, f/p - orc priest
Aim: an orc priest, wielding a +0 short sword and wearing a +0 scale mail (inner flame, chance to affect: 49%)
The orc priest resists with some effort. ๐Ÿ˜ฑ HP[+1]
Aiming: Paralyse
Press: ? - help, Q - select action Shift-Dir - straight line, f/p - orc priest
Aim: an orc priest, wielding a +0 short sword and wearing a +0 scale mail (inner flame, chance to affect: 49%)
The orc priest suddenly stops moving! ๐Ÿ˜ฑ HP[+1] ๐Ÿ˜ฑ HP[+1]
An orc priest is nearby!
Unknown command. ๐Ÿ˜ฑ HP[+1] ๐Ÿ˜ฑ HP[+1] ๐Ÿ˜ฑ HP[+1] ๐Ÿ˜ฑ HP[+1] ๐Ÿ˜ฑ HP[+1]
The orc priest is no longer paralysed. ๐Ÿ˜จ HP[+1]
You hit the orc priest.
Flame seeps out of the orc priest. ๐Ÿ˜จ HP[+1] Unknown command.
Unknown command.
The orc priest is engulfed in blazing flames.
The orc priest explodes!
The fiery explosion engulfs you!
* * * LOW HITPOINT WARNING * * *
๐Ÿ˜ฑ HP[-13]
You take 13 damage, and now have 5/64 hp.
MASSIVE DAMAGE!! (PAUSE)
You are engulfed in blazing flames.
* * * LOW HITPOINT WARNING * * *
๐Ÿ˜ฑ HP[-2]
You take 2 damage, and now have 3/64 hp.
You are engulfed in blazing flames.
You die...

Skill      XL: |  1  2  3  4  5 |
---------------+----------------+-----
Unarmed Combat | 3 4 5 |  5.2
Shapeshifting  | 3 4 |  4.9
Fighting       | |  1.0
Dodging        | |  1.7

Action                     |  1- 3 |  4- 6 || total
---------------------------+-------+-------++-------
  Melee: Unarmed           |    78 |    81 ||   159
         Punch             |     1 |     2 ||     3
  Evoke: Wand              |       |     4 ||     4
    Use: Scroll            |       |     5 ||     5
         Potion            |       |     4 ||     4
 Armour: Animal skin       |    15 |       ||    15
         Ring mail         |    25 |    29 ||    54
         Skin              |       |    18 ||    18
  Dodge: Dodged            |    40 |    22 ||    62
   Form: Beast             |       |     1 ||     1
         Maw               |       |     1 ||     1
         Flux              |       |     1 ||     1

Levels and vault maps discovered:
D:1:      eino_arrival_cavern_d, layout_rooms
D:2:      cheibrodos_old_hovel, layout_loops_ring, grunt_decor_fettered,
          corexii_corridor_pit, minmay_misc_feat_rows, nrook_loot_triangle,
          uniq_terence
D:3:      layout_basic, mainiacjoe_overflow_surrounded_room,
          nicolae_ecumenical_lake_church
D:4:      layout_gridville, minmay_temple_entry_overgrown, serial_undead,
          serial_undead_a, serial_undead_b, serial_undead_c, serial_undead_b,
          serial_undead_f, serial_undead_f, serial_undead_a, serial_shops, shop,
          uniq_grinder

Notes
Turn   | Place    | Note
-------+----------+-------------------------------------------
     0 | D:1      | ytrimaz the Demonspawn Shapeshifter began the quest for the
                  | Orb.
     0 | D:1      | Reached XP level 1. HP: 15/15 MP: 1/1
     0 | D:1      | magus.rc [v1.9.6]
   236 | D:1      | Reached skill level 3 in Unarmed Combat
   243 | D:1      | Gained mutation: You are partially covered in sharp spines.
                  | [demonic ancestry]
   243 | D:1      | Reached XP level 2. HP: 21/21 MP: 2/2
   313 | D:1      | Reached skill level 3 in Shapeshifting
   731 | D:2      | Reached XP level 3. HP: 24/26 MP: 3/3
   864 | D:2      | You pick up a book of Weapons and begin reading...
   864 | D:2      | You add the spells Tukima's Dance, Dimensional Bullseye and
                  | Iskenderun's Mystic Blast to your library.
  1125 | D:2      | Noticed Terence
  1134 | D:2      | Killed Terence
  1135 | D:2      | Gained mutation: You are mostly covered in sharp spines.
                  | [demonic ancestry]
  1135 | D:2      | Reached XP level 4. HP: 28/32 MP: 4/4
  1523 | D:3      | Found a faded altar of an unknown god.
  1612 | D:3      | Found a sacrificial altar of Ru.
  1933 | D:3      | You add the spells Ignite Poison, Sticky Flame and Ignition
                  | to your library.
  1970 | D:3      | Reached skill level 4 in Unarmed Combat
  2333 | D:4      | Reached skill level 4 in Shapeshifting
  2333 | D:4      | Reached XP level 5. HP: 30/37 MP: 5/5
  2349 | D:4      | You pick up a book of the Dragon and begin reading...
  2349 | D:4      | You add the spells Cause Fear, Fireball and Dragon's Call
                  | to your library.
  2368 | D:4      | Noticed Grinder
  2370 | D:4      | Paralysed by Grinder for 2 turns
  2387 | D:4      | Killed Grinder
  2388 | D:4      | Reached skill level 5 in Unarmed Combat
  2388 | D:4      | Gained mutation: You have sharp fingernails. [demonic
                  | ancestry]
  2388 | D:4      | Reached XP level 6. HP: 32/43 MP: 6/6
  2484 | D:4      | HP: 6/64 [orc priest/divine providence (14)]
  2488 | D:4      | HP: 2/64 [something (2)]
  2494 | D:4      | HP: 3/64 [poisoned by an orc wizard]
  2516 | D:4      | HP: 5/64 [spore (14)]
  2518 | D:4      | Engulfed by a cloud of flame

Vanquished Creatures
  Grinder (D:4)
  A bullfrog zombie (D:4)
  An orc priest (D:4)
  Terence (D:2)
  An orc wizard (D:4)
  A hound zombie (D:4)
  3 adders
  An adder skeleton (D:4)
  2 adder zombies (D:4)
  A worm (D:3)
  3 dart slugs
  3 orcs (D:3)
  4 ball pythons
  7 endoplasms
  4 giant cockroaches
  2 goblins
  A hobgoblin (D:1)
  4 jackals (D:3)
  7 kobolds
  5 quokkas
  6 bats
  3 frilled lizards
  3 rats
65 creatures vanquished.

Table legend:
 A = Non-vault XP
 B = Vault XP
 C = Vault XP percentage of total XP
 D = Non-vault monster count
 E = Vault monster count
 F = Vault count percentage of total count
                 A         B        C        D         E       F
            +---------+---------+-------+---------+---------+-------
      Total |     223 |     411 |  64.8 |      57 |       8 |  12.3
            +---------+---------+-------+---------+---------+-------
        D:1 |      36 |       0 |   0.0 |      21 |       0 |   0.0
        D:2 |      31 |      38 |  55.1 |       9 |       2 |  18.2
        D:3 |      71 |       0 |   0.0 |      21 |       0 |   0.0
        D:4 |      85 |     373 |  81.4 |       6 |       6 |  50.0
            +---------+---------+-------+---------+---------+-------

Skill      XL: |  1  2  3  4  5 |
---------------+----------------+-----
Unarmed Combat | 3 4 5 |  5.2
Shapeshifting  | 3 4 |  4.9
Fighting       | |  1.0
Dodging        | |  1.7

Action                     |  1- 3 |  4- 6 || total
---------------------------+-------+-------++-------
  Melee: Unarmed           |    78 |    81 ||   159
         Punch             |     1 |     2 ||     3
  Evoke: Wand              |       |     4 ||     4
    Use: Scroll            |       |     5 ||     5
         Potion            |       |     4 ||     4
 Armour: Animal skin       |    15 |       ||    15
         Ring mail         |    25 |    29 ||    54
         Skin              |       |    18 ||    18
  Dodge: Dodged            |    40 |    22 ||    62
   Form: Beast             |       |     1 ||     1
         Maw               |       |     1 ||     1
         Flux              |       |     1 ||     1

Illustrated notes

Table legend:
 A = Kills in this place as a percentage of kills in the entire game.
 B = Kills by you in this place as a percentage of kills by you in the entire game.
 C = Kills by friends in this place as a percentage of kills by friends in the entire game.
 D = Other kills in this place as a percentage of other kills in the entire game.
 E = Experience gained in this place as a percentage of experience gained in the entire game.
 F = Experience gained in this place divided by the number of levels of this place that you have seen.
                   A       B       C       D       E      F
               +-------+-------+-------+-------+-------+----------------------
         Total | 100.0 | 100.0 |   N/A |   N/A | 100.0 | 158.5
       Dungeon | 100.0 | 100.0 |   N/A |   N/A | 100.0 | 158.5
               +-------+-------+-------+-------+-------+----------------------

Table legend: (Time is in decaauts)
 A = Elapsed time spent in this place.
 B = Non-inter-level travel time spent in this place.
 C = Inter-level travel time spent in this place.
 D = Time resting spent in this place.
 E = Time spent auto-exploring this place.
 F = Levels seen in this place.
 G = Mean time per level.
                   A        B        C        D        E       F      G
               +--------+--------+--------+--------+--------+-----+--------+
         Total |   2498 |   2380 |    118 |      0 |   1885 |   4 |  624.5 |
       Dungeon |   2498 |   2380 |    118 |      0 |   1885 |   4 |  624.5 |
               +--------+--------+--------+--------+--------+-----+--------+

Top non-repeatable levels by time:
     D:2: 856 daAuts
     D:3: 803 daAuts
     D:1: 644 daAuts
     D:4: 193 daAuts
